 Dungeon Crawl Stone Soup version 0.27-a0-1378-gdefffd1ff6 (webtiles) character file.

Game seed: 8972946730770682555

16 Kold the Chucker (level 2, 0/31 HPs)
             Began as an Ogre Hunter on June 29, 2021.
             Slain by a gnoll (3 damage)
             ... on level 2 of the Dungeon.
             The game lasted 00:00:20 (131 turns).

Kold the Chucker (Ogre Hunter)                       Turns: 131, Time: 00:00:21

Health: 0/31       AC:  3    Str: 15    XL:     2   Next: 58%
Magic:  2/2        EV: 10    Int: 12    God:
Gold:   0          SH:  0    Dex:  9    Spells: 1/1 levels left

rFire    . . .     SeeInvis .   a - +0 short sword
rCold    . . .     Faith    .   (no shield)
rNeg     . . .     Spirit   .   b - +0 robe
rPois    .         Reflect  .   (helmet restricted)
rElec    .         Harm     .   (no cloak)
rCorr    .         Rampage  .   (gloves unavailable)
Will     .....                  (boots unavailable)
Stlth    +.........             (no amulet)
HPRegen  0.10/turn              (no ring)
MPRegen  0.08/turn              (no ring)

@: no status effects
A: large, unfitting armour, tough skin 1
a: no special abilities


You were on level 2 of the Dungeon.
You visited 1 branch of the dungeon, and saw 2 of its levels.

Inventory:

Hand Weapons
 a - a +0 short sword (weapon)
Missiles
 d - 2 throwing nets (quivered)
Armour
 b - a +0 robe (worn)
Scrolls
 g - a scroll of identify {unknown}
Potions
 e - 2 potions of invisibility {unknown}
 f - a potion of haste {unknown}


   Skills:
 + Level 3.1 Fighting
 + Level 4.1 Throwing
 + Level 2.1 Dodging
 + Level 1.1 Stealth


You had one spell level left.
You didn't know any spells.
Your spell library was empty.

Dungeon Overview and Level Annotations

Branches:
Dungeon (1/15)

Altars:


Innate Abilities, Weirdness & Mutations

You are too large for most types of armour.
You have tough skin. (AC +1)


Message History

Press: ? - help, Q - select action, (/) - cycle Shift-Dir - straight line, f - gnoll
Aim: a gnoll, wielding a +0 spear (61% to hit)
You throw a large rock. The large rock hits the gnoll!!
You kill the gnoll!
Your Fighting skill increases to level 3!
Your Dodging skill increases to level 2!
Your Stealth skill increases to level 1!
Throw: 4 large rocks
Press: ? - help, Q - select action, (/) - cycle Shift-Dir - straight line, f - gnoll
Aim: a gnoll, wielding a +0 halberd (61% to hit)
You throw a large rock. The large rock barely misses the gnoll.
The gnoll hits you from afar with a +0 halberd.
Unknown command.
Throw: 3 large rocks
Press: ? - help, Q - select action, (/) - cycle Shift-Dir - straight line, f/p - gnoll
Aim: a gnoll, wielding a +0 halberd (61% to hit)
You throw a large rock.
The large rock closely misses the gnoll.
The large rock closely misses the gnoll.
The gnoll closely misses you. The gnoll misses you.
Throw: 2 large rocks
Press: ? - help, Q - select action, (/) - cycle Shift-Dir - straight line, f/p - gnoll
Aim: a gnoll, wielding a +0 halberd (61% to hit)
You throw a large rock.
The large rock closely misses the gnoll.
The gnoll hits you from afar with a +0 spear.
The gnoll hits you from afar with a +0 halberd!
The gnoll misses you. The gnoll barely misses you.
The gnoll closely misses you.
Throw: large rock
Press: ? - help, Q - select action, (/) - cycle Shift-Dir - straight line, f/p - gnoll
Aim: a gnoll, wielding a +0 halberd (61% to hit)
You throw a large rock. The large rock hits the gnoll!
You kill the gnoll!
The gnoll hits you with a +0 club.
* * * LOW HITPOINT WARNING * * *
The gnoll hits you from afar with a +0 spear.
* * * LOW HITPOINT WARNING * * *
The gnoll hits you with a +0 club.
You die...

#.# #.# ... #.# ..# #.#
..# ########.# ..#
....†....# ..#
.#######.# ..#
.#######.########..#
..............(.@g.#
.#######.#####.........#
.# #.# #.(g<.....# .#
#.# #..(.(....#
.#######.# #....>....#
.......... <.....$...#
########## ##.........#
#..(......#


You could see 2 gnolls.

Vanquished Creatures
  2 gnolls (D:2)
  A worm (D:2)
  A dart slug (D:2)
  A ball python (D:2)
5 creatures vanquished.

Notes
Turn   | Place    | Note
-------+----------+-------------------------------------------
     0 | D:1      | Kold the Ogre Hunter began the quest for the Orb.
     0 | D:1      | Reached XP level 1. HP: 22/22 MP: 1/1
     5 | D:1      | You fall into a shaft and drop 1 floor!
   106 | D:2      | Reached XP level 2. HP: 29/29 MP: 2/2
   128 | D:2      | Reached skill level 1 in Stealth
   131 | D:2      | Slain by a gnoll

Illustrated notes

Levels and vault maps discovered:
D:1:      saegor_arrival_miasma, layout_basic
D:2:      layout_loops_ring, serial_shops, shop, minmay_small_reverse_x,
          uniq_jessica

Skill      XL: |  1  2 |
---------------+-------+-----
Fighting       | 3 |  3.1
Dodging        | 2 |  2.1
Stealth        | 1 |  1.1
Throwing       | |  4.1

Action                   || total
-------------------------++-------
Throw: Large rock        ||     9
Dodge: Dodged            ||     6

Table legend: (Time is in decaauts)
 A = Elapsed time spent in this place.
 B = Non-inter-level travel time spent in this place.
 C = Inter-level travel time spent in this place.
 D = Time resting spent in this place.
 E = Time spent auto-exploring this place.
 F = Levels seen in this place.
 G = Mean time per level.
                   A        B        C        D        E       F      G
               +--------+--------+--------+--------+--------+-----+--------+
         Total |    137 |    137 |      0 |      0 |    101 |   2 |   68.5 |
       Dungeon |    137 |    137 |      0 |      0 |    101 |   2 |   68.5 |
               +--------+--------+--------+--------+--------+-----+--------+

Top non-repeatable levels by time:
     D:2: 132 daAuts
     D:1: 5 daAuts
